Map: Pillars of Gold LE

Players

Khaosgrenade - Winner!

  • Race: Zerg Zerg
  • League: Diamond
  • Spawn Location: 7:00

red

  • Race: Terran Terran
  • League: Diamond
  • Spawn Location: 1:00

VOD

Have the link to the VOD?

Description

Time

  • Played on: June 23, 2020, 9:38 p.m.
  • Length: 21:45
Show
View Real Time Build Order
Export as new Build Order

Khaosgrenade Zerg - Winner!

Build Orders: Hatch First 

Get SALT Encoding   

  12  0:00  Drone  
  13  0:12  Overlord  
  13  0:18  Drone  
  14  0:31  Drone x2  
  14  0:34  Drone  
  17  0:55  Hatchery  
  16  0:57  Drone  
  16  1:00  Drone  
  18  1:15  Extractor  
  18  1:17  Spawning Pool  
  16  1:19  Drone  
  16  1:23  Drone  
  18  1:28  Drone  
  19  1:39  Overlord  
  19  2:07  Queen  
  19  2:08  Zergling x6  
  24  2:10  Queen  
  24  2:12  Zergling x2  
  27  2:17  Spine Crawler  
  27  2:20  Zergling x2  
  27  2:25  Extractor  
  27  2:29  Zergling x4  
  28  2:34  Zergling x2  
  29  2:40  Zergling x2  
  29  2:43  Drone  
  31  2:51  Drone  
  32  3:07  Drone x3  
  34  3:14  Roach Warren  
  34  3:15  Overlord  
  33  3:35  Drone x3  
  36  3:42  Metabolic Boost  
  36  4:01  Hatchery  
  35  4:12  Overlord  
  35  4:13  Drone  
  35  4:15  Drone  
  37  4:42  Hatchery  
  36  4:47  Drone x3  
  39  4:58  Drone  
  40  5:06  Pneumatized Carapace  
  40  5:14  Drone x2  
  40  5:19  Queen  
  44  5:28  Drone x2  
  46  5:33  Drone, Baneling Nest  
  46  5:34  Drone x4  
  50  5:43  Drone  
  51  5:50  Overlord  
  51  5:56  Drone  
  56  5:57  Drone x4  
  56  6:07  Drone  
  57  6:12  Lair  
  57  6:13  Queen x2  
  57  6:16  Overlord  
  61  6:25  Extractor  
  61  6:27  Extractor  
  59  6:41  Zergling x26  
  72  6:49  Drone  
  73  7:01  Baneling x9  
  73  7:02  Zergling x2, Baneling x3  
  73  7:04  Overlord  
  73  7:05  Overlord x2  
  74  7:20  Centrifical Hooks  
  74  7:23  Zergling x14  
  74  7:25  Drone  
  74  7:26  Drone  
  74  7:28  Drone  
  84  7:30  Drone  
  85  7:37  Overlord x2  
  85  7:56  Drone x10  
  85  7:57  Drone  
  96  8:12  Drone x8  
  103  8:30  Zergling x4  
  103  8:32  Baneling x4  
  105  8:35  Overlord  
  105  8:36  Extractor  
  105  8:38  Hatchery  
  103  8:41  Extractor  
  102  8:51  Queen  
  102  8:53  Queen x2  
  108  9:02  Overlord x2  
  108  9:03  Zergling x10  
  113  9:38  Drone  
  113  9:39  Drone  
  113  9:40  Drone x13  
  118  9:47  Spire  
  118  9:48  Queen  
  118  9:49  Queen x2  
  122  10:03  Spore Crawler  
  121  10:08  Spore Crawler  
  121  10:10  Spore Crawler  
  121  10:12  Spore Crawler  
  118  10:15  Spore Crawler x2  
  118  10:16  Spore Crawler  
  112  10:35  Drone x22  
  129  10:40  Extractor  
  129  10:42  Extractor  
  126  10:54  Hatchery  
  112  10:59  Hatchery  
  108  11:27  Corruptor x9  
  108  11:31  Zerg Flyer Weapons Level 1, Infestation Pit  
  125  11:39  Queen x3  
  131  11:49  Zergling x2  
  131  11:50  Zergling x6  
  131  11:51  Overlord x7  
  131  11:53  Baneling x7  
  135  11:58  Hatchery  
  134  12:14  Hive  
  134  12:46  Corruptor x6  
  134  12:47  Corruptor x9  
  156  12:55  Corruptor x3  
  152  12:58  Corruptor  
  152  13:01  Corruptor  
  156  13:12  Corruptor x3  
  162  13:24  Corruptor x4  
  148  13:31  Zergling x12  
  152  13:35  Greater Spire  
  150  13:46  Zergling x24  
  150  13:47  Zergling x2  
  163  13:51  Baneling x9  
  163  13:58  Baneling x3  
  163  14:00  Zergling x12  
  159  14:38  Overlord  
  159  14:39  Overlord x2  
  159  14:43  Drone  
  159  14:44  Drone x6  
  159  14:45  Drone  
  167  14:49  Zergling x6  
  167  14:50  Zergling x34  
  187  14:55  Extractor, Hatchery  
  187  14:58  Extractor  
  182  15:12  Baneling x2  
  182  15:13  Baneling x43  
  180  15:23  Brood Lord  
  180  15:24  Brood Lord  
  180  15:27  Brood Lord x2  
  188  15:31  Brood Lord  
  188  15:32  Brood Lord  
  188  15:34  Brood Lord  
  194  15:36  Brood Lord  
  194  15:39  Corruptor  
  194  15:42  Zerg Flyer Weapons Level 2  
  198  15:51  Drone x2  
  180  16:53  Corruptor x15  
  180  16:54  Corruptor x6  
  195  17:02  Zergling x2  
  195  17:03  Zergling x20  
  174  17:24  Corruptor  
  174  17:25  Corruptor  
  174  17:26  Zergling x44  
  200  17:32  Adrenal Glands  
  196  17:54  Evolution Chamber  
  196  17:57  Evolution Chamber  
  191  18:01  Brood Lord  
  191  18:02  Brood Lord x3  
  191  18:03  Brood Lord x2  
  191  18:04  Baneling  
  191  18:05  Baneling x17  
  173  18:40  Extractor x2  
  163  18:50  Overseer x2  
  163  19:14  Drone  
  162  19:18  Zergling x2  
  162  19:19  Zergling x14  
  162  19:24  Zerg Melee Weapons Level 1, Zerg Ground Armor Level 1  
  154  20:00  Corruptor x7, Zergling x24  
  154  20:01  Corruptor x6  
  182  21:00  Queen  
  182  21:01  Queen x4  
  182  21:02  Queen  
Show
View Real Time Build Order
Export as new Build Order

red Terran 

Build Orders:  

Get SALT Encoding   

  12  0:01  SCV  
  13  0:13  SCV  
  14  0:19  Supply Depot  
  14  0:43  Barracks  
  14  0:45  SCV  
  15  0:57  SCV  
  15  1:00  Barracks  
  16  1:09  SCV  
  17  1:21  SCV  
  18  1:30  Marine  
  19  1:34  Orbital Command  
  19  1:49  Marine  
  20  1:56  Bunker  
  20  1:57  Marine  
  21  2:15  Marine, SCV  
  22  2:18  Supply Depot  
  23  2:39  Marine x2, SCV  
  23  2:42  Command Center  
  26  2:45  Supply Depot  
  26  2:51  SCV  
  27  3:00  Marine x2  
  27  3:03  SCV  
  30  3:16  Refinery, SCV  
  30  3:18  Refinery  
  31  3:28  SCV  
  31  3:40  SCV  
  31  3:48  Barracks  
  31  3:52  SCV  
  32  3:58  Bunker  
  32  4:04  Refinery, SCV  
  33  4:16  SCV  
  34  4:17  Bunker  
  34  4:21  Factory  
  34  4:28  SCV  
  34  4:30  Supply Depot  
  35  4:39  Barracks Tech Lab  
  35  4:40  Supply Depot, SCV  
  35  4:44  Orbital Command  
  37  4:52  SCV  
  37  5:03  Stimpack  
  37  5:04  SCV, Barracks Reactor  
  37  5:05  Barracks Reactor  
  37  5:06  Factory Tech Lab  
  38  5:11  Engineering Bay  
  38  5:14  Starport, SCV  
  38  5:17  SCV  
  40  5:26  SCV  
  40  5:28  Marauder  
  43  5:29  SCV  
  43  5:33  Refinery  
  44  5:37  Siege Tank  
  47  5:48  Marine  
  48  5:57  Marine x4, Starport Reactor  
  48  6:02  SCV x2  
  54  6:06  Marine  
  54  6:08  Terran Infantry Weapons Level 1  
  55  6:14  SCV x2  
  55  6:15  Marine x3  
  60  6:19  Marine, Supply Depot  
  60  6:25  Marauder  
  63  6:26  SCV x2  
  65  6:42  Combat Shield  
  65  6:44  Medivac, Command Center  
  65  6:46  Marauder  
  69  6:47  Medivac  
  71  7:03  Starport  
  71  7:04  Fusion Core  
  71  7:06  Marine  
  71  7:08  Starport  
  72  7:14  Siege Tank  
  72  7:15  SCV  
  76  7:32  Marauder  
  78  7:40  Supply Depot  
  78  7:42  Starport Tech Lab  
  78  7:49  Starport Tech Lab  
  78  7:52  Supply Depot  
  78  7:55  Marine x4, SCV x2  
  78  7:56  Marauder  
  86  8:01  Concussive Shells  
  81  8:13  Marine x4  
  81  8:17  Marauder  
  87  8:24  Armory  
  87  8:28  Battlecruiser  
  87  8:32  Factory  
  95  8:41  SCV  
  95  8:42  SCV  
  95  8:45  Battlecruiser  
  103  8:50  Supply Depot x2  
  103  8:56  Marine  
  103  8:58  Weapon Refit  
  102  9:05  Medivac  
  102  9:08  SCV x2  
  102  9:09  SCV  
  107  9:12  Refinery  
  107  9:14  Refinery  
  107  9:20  SCV  
  107  9:22  Factory Reactor  
  108  9:26  Missile Turret  
  108  9:33  Planetary Fortress  
  108  9:37  Drilling Claws  
  99  9:50  Missile Turret  
  99  10:24  Marine x2  
  99  10:25  Marauder, Marine x2  
  99  10:37  Battlecruiser x2, SCV  
  99  10:38  SCV x2  
  99  10:42  Marine x3  
  109  10:43  Marine  
  109  10:46  Marauder  
  109  10:49  SCV  
  115  10:50  SCV x2  
  104  11:05  Marine x3  
  104  11:06  Marine  
  104  11:07  Marauder, Medivac x2  
  104  11:09  Widow Mine x2  
  118  11:12  Terran Ship Weapons Level 1  
  118  11:16  SCV x3  
  121  11:23  Marine x3  
  124  11:28  SCV  
  124  11:29  Supply Depot  
  124  11:32  Supply Depot  
  125  11:35  Supply Depot  
  125  11:50  Marine  
  125  11:51  Marauder, Medivac, SCV x3  
  133  11:58  Battlecruiser  
  133  12:00  Medivac  
  141  12:03  SCV x3  
  141  12:08  Command Center  
  144  12:12  Marauder, Widow Mine  
  148  12:16  SCV  
  148  12:19  Terran Infantry Armor Level 1  
  148  12:22  Engineering Bay  
  149  13:19  Marine x4, SCV  
  160  13:20  Marauder, Widow Mine x2  
  136  13:37  Marine x3  
  136  13:41  Marauder, Siege Tank  
  138  13:44  Marine  
  133  13:55  Marine x3  
  136  14:00  Viking x4  
  136  14:02  Marauder, Marine  
  139  14:13  Siege Tank, Marine x2  
  142  14:24  Marauder  
  142  14:30  Viking x3  
  142  14:36  Planetary Fortress  
  142  14:39  Marine x3  
  142  14:43  Widow Mine x2  
  142  14:44  Infernal Pre-Igniter  
  151  14:45  Marauder  
  151  14:55  Factory  
  151  14:59  Barracks  
  151  15:01  Barracks x2  
  151  15:04  Widow Mine  
  153  15:31  Missile Turret x2  
  153  15:32  Missile Turret  
  153  15:44  Command Center  
  153  15:50  Command Center  
  153  15:53  Refinery  
  153  15:55  Refinery  
  153  15:57  Missile Turret  
  153  15:59  Missile Turret  
  153  16:27  Medivac x4, SCV x2  
  153  16:28  Marauder, Supply Depot  
  165  16:33  SCV  
  165  16:39  Widow Mine  
  165  16:40  Marine x4, SCV  
  165  16:42  Marine x2  
  165  16:45  Marine  
  165  16:46  Widow Mine, SCV x2  
  164  16:47  Siege Tank  
  164  16:49  Marauder  
  164  16:52  SCV  
  131  16:57  Medivac x2, Marine x2  
  131  16:58  Marine x2, SCV x2  
  131  17:00  Marine  
  132  17:04  SCV  
  133  17:10  Marine x2, SCV  
  133  17:11  Marauder  
  138  17:15  Marine  
  138  17:19  Siege Tank  
  142  17:24  Marine x3  
  142  17:25  SCV x2  
  142  17:26  SCV  
  150  17:32  Marauder  
  150  17:33  Marine  
  154  17:37  SCV  
  154  17:38  SCV x2  
  154  17:39  Planetary Fortress  
  154  17:42  Marine, Barracks Reactor x2  
  154  17:43  Barracks Reactor  
  155  17:48  Viking x2  
  155  17:49  Viking, SCV  
  162  17:53  Marauder  
  157  18:00  Planetary Fortress  
  157  18:05  SCV x3  
  154  18:15  Marauder  
  154  18:17  SCV x3  
  143  18:29  SCV  
  123  18:36  Marauder  
  123  18:39  Widow Mine  
  114  18:42  Viking x3  
  114  18:43  Marine x2, Viking  
  114  18:44  Marine x6  
  114  18:45  Marine x2  
  121  19:09  Factory Tech Lab  
  121  19:12  Viking x2  
  121  19:15  Command Center  
  125  19:21  Viking  
  115  19:42  Viking x2  
  118  19:46  Marauder, Marine x4  
  118  19:51  Viking  
  103  20:01  Marine x4  
  104  20:07  Marine  
  104  20:08  Marauder, Marine x2  
  104  20:12  Viking x3  
  104  20:13  Viking, SCV x2  
  104  20:14  SCV  
  117  20:17  Marine  
  117  20:19  Marine x4  
  121  20:25  Viking  
  123  20:29  Marauder  
  123  20:37  Marine x4  
  123  20:38  Marine  
  128  20:48  Viking  
  130  20:50  Marauder  
  132  21:05  Planetary Fortress  
  132  21:10  Viking  
  132  21:11  Viking  
Tags
 
Add a new tag
Caveats
  • Supply blocks, unpowered buildings, or Contaminate may cause inaccurate times.
  • Supply counts are checked every 10 seconds.